 Dungeon Sprint DCSS version 0.21-a0-349-g0c35859 (webtiles) character file.

84 KristoblXynda the Charmwright (level 4, -12/39 HPs)
             Began as a Naga Skald on Oct 8, 2017.
             Was an Initiate of Makhleb.
             Mangled by a two-headed ogre
             ... wielding a +0 giant club
              (15 damage)
             ... in the Dungeon (Sprint IX: "|||||||||||||||||||||||||||||").
             The game lasted 00:01:52 (519 turns).

KristoblXynda the Charmwright (Naga Skald)           Turns: 519, Time: 00:01:53

Health: -12/39     AC:  6    Str: 18    XL:     4   Next: 46%
Magic:  7/7        EV:  9    Int: 13    God:    Makhleb [......]
Gold:   0          SH:  0    Dex: 13    Spells: 2/7 levels left

rFire    . . .     SeeInvis +   n - +9 sword of Zonguldrok {reap}
rCold    . . .     Gourm    .   (no shield)
rNeg     . . .     Faith    .   p - +1 scale mail
rPois    +         Spirit   .   (no helmet)
rElec    .         Reflect  .   (no cloak)
rCorr    .         Harm     .   q - +0 pair of gloves
MR       .....     NoTele   +   (no barding)
Stlth    ..........             (no amulet)
HPRegen  0.13/turn              o - +3 ring of strength
MPRegen  0.10/turn              r - +3 ring of dexterity

@: very slow
A: see invisible, deformed body, poison resistance, slowness 2, slow metabolism
1, spit poison 1, AC +1
a: Spit Poison, Renounce Religion


You were in the Dungeon.
You worshipped Makhleb.
Makhleb was noncommittal.
You were not hungry.

You visited 1 branch

Inventory:

Hand Weapons
 n - the +9 sword of Zonguldrok (weapon) {reap}
   (You found it in the Dungeon)

   If a monster killed with it leaves a corpse in good enough shape, the corpse
   will be animated as a zombie friendly to the killer.
Armour
 p - a +1 scale mail (worn)
 q - a +0 pair of gloves (worn)
Jewellery
 o - a +3 ring of strength (left hand)
 r - a +3 ring of dexterity (right hand)
Wands
 m - a wand of acid (5/15)
Scrolls
 j - 2 scrolls of blinking
 k - 3 scrolls of remove curse
 l - 2 scrolls of amnesia
Potions
 e - a potion of invisibility
 f - 3 potions of heal wounds
 g - a potion of haste
 h - 4 potions of magic
 i - 4 potions of curing
Books
 c - a book of Battle

   Spells                             Type                      Level
   a - Infusion                       Charms                       1
   b - Shroud of Golubria             Charms/Translocation         2
   c - Song of Slaying                Charms                       2
   d - Spectral Weapon                Hexes/Charms                 3
   e - Regeneration                   Charms/Necromancy            3
Comestibles
 d - a bread ration


   Skills:
 - Level 2.0 Fighting
 + Level 2.7 Long Blades
   Level 4.2 Maces & Flails
 - Level 0.7 Armour
 + Level 4.2 Dodging
 - Level 2.0 Spellcasting
 + Level 5.6 Charms


You had 2 spell levels left.
You knew the following spells:

 Your Spells              Type           Power        Failure   Level  Hunger
a - Infusion              Chrm           ###.         9%          1    ##.....
b - Song of Slaying       Chrm           ###.....     12%         2    ###....
c - Shroud of Golubria    Chrm/Tloc      #.........   36%         2    ###....


Dungeon Overview and Level Annotations

Branches:
Dungeon (1/1)

Altars:
Cheibriados
Dithmenos
Elyvilon
Fedhas
Gozag
Hepliaklqana
Kikubaaqudgha
Makhleb
Nemelex Xobeh
Okawaru
Qazlal
Ru
Sif Muna
Trog
Uskayaw
Vehumet
Wu Jian
Xom
Yredelemnul
Zin
The Shining One
Beogh
Jiyva
Lugonu


Innate Abilities, Weirdness & Mutations

You cannot wear boots.
Your serpentine skin is tough. (AC +1)
You have supernaturally acute eyesight. (SInv)
Armour fits poorly on your strangely shaped body.
Your system is resistant to poisons. (rPois)
You cover ground very slowly.
You have a slow metabolism.
You can spit poison.


Message History

The two-headed ogre is heavily wounded.
The bolt of acid hits the hound.
The hound is splashed with acid.
The acid corrodes the hound!
The hound is almost dead.
This wand has 5 charges left.
The howler monkey hoots and howls with incredible vigour!
The two-headed ogre closely misses you.
The two-headed ogre hits you with a giant spiked club.
Unknown command.
You slash the two-headed ogre!
The two-headed ogre is severely wounded.
The two-headed ogre hits you with a giant club!
The two-headed ogre barely misses you.
You barely miss the two-headed ogre.
The two-headed ogre is severely wounded.
The howler monkey hoots and howls with incredible vigour!
The two-headed ogre hits you with a giant club!
* * * LOW HITPOINT WARNING * * *
The two-headed ogre hits you with a giant spiked club!
You die...

▓.▓
▓.▓
▓|▓
▓)▓
▓[▓
▓.▓
▓.▓
▓.▓
▓@▓
▓O▓
▓h▓
▓o▓
▓.▓
▓h▓
▓.▓
▓.▓


You could see a two-headed ogre, a howler monkey, a hound and an orc wizard.

Vanquished Creatures
  A killer bee (D)
  A jelly (D)
  A leopard gecko (D)
  An orc (D)
  A bat zombie (D)
  A giant cockroach (D)
  2 goblins (D)
  A frilled lizard (D)
  2 kobolds (D)
  A rat (D)
12 creatures vanquished.

Notes
Turn   | Place    | Note
-------+----------+-------------------------------------------
     0 | D        | KristoblXynda the Naga Skald began the quest for the Orb.
     0 | D        | Reached XP level 1. HP: 19/19 MP: 3/3
   225 | D        | Noticed a jelly
   228 | D        | Killed a jelly
   228 | D        | Reached skill level 4 in Charms
   228 | D        | Reached XP level 2. HP: 18/26 MP: 5/5
   228 | D        | Reached XP level 3. HP: 22/32 MP: 6/6
   437 | D        | Found a roughly hewn altar of Beogh.
   437 | D        | Found a snail-covered altar of Cheibriados.
   437 | D        | Found a shadowy altar of Dithmenos.
   437 | D        | Found a white marble altar of Elyvilon.
   437 | D        | Found a blossoming altar of Fedhas.
   437 | D        | Found an opulent altar of Gozag.
   438 | D        | Found a hazy altar of Hepliaklqana.
   439 | D        | Found a viscous altar of Jiyva.
   440 | D        | Found an ancient bone altar of Kikubaaqudgha.
   441 | D        | Found a corrupted altar of Lugonu.
   442 | D        | Found a burning altar of Makhleb.
   443 | D        | Found a sparkling altar of Nemelex Xobeh.
   444 | D        | Found an iron altar of Okawaru.
   445 | D        | Found a stormy altar of Qazlal.
   446 | D        | Found a sacrificial altar of Ru.
   447 | D        | Found a deep blue altar of Sif Muna.
   448 | D        | Found a bloodstained altar of Trog.
   449 | D        | Found a hide-covered altar of Uskayaw.
   450 | D        | Became a worshipper of Makhleb the Destroyer
   451 | D        | Found a radiant altar of Vehumet.
   452 | D        | Found an ornate altar of the Wu Jian Council.
   453 | D        | Found a shimmering altar of Xom.
   454 | D        | Found a basalt altar of Yredelemnul.
   455 | D        | Found a glowing silver altar of Zin.
   456 | D        | Found a glowing golden altar of the Shining One.
   465 | D        | Found the +9 sword of Zonguldrok {reap}
   512 | D        | Learned a level 2 spell: Song of Slaying
   515 | D        | Learned a level 2 spell: Shroud of Golubria
   515 | D        | Noticed a killer bee
   515 | D        | Noticed a two-headed ogre
   516 | D        | Killed a killer bee
   516 | D        | Reached skill level 5 in Charms
   516 | D        | Reached XP level 4. HP: 33/39 MP: 7/7
   519 | D        | Mangled by a two-headed ogre

Vault maps used:
D:        linesprint

Skill      XL: |  1  2  3 |
---------------+----------+-----
Dodging        | 3 4 |  4.2
Maces & Flails | 4 |  4.2
Charms         | 4 5 |  5.6
Long Blades    | 2 |  2.7
Fighting       | |  2.0
Armour         | |  0.7
Spellcasting   | |  2.0

Action                   |  1- 3 |  4- 6 || total
-------------------------+-------+-------++-------
Melee: Mace              |    27 |       ||    27
       Double sword      |       |     2 ||     2
Evoke: Wand              |       |     2 ||     2
  Use: Potion            |     2 |       ||     2
Armor: Leather armour    |     1 |       ||     1
Dodge: Dodged            |    11 |     2 ||    13

Table legend:
 A = Spawn XP
 B = Non-spawn XP
 C = Spawn XP percentage of total XP
 D = Spawn monster count
 E = Non-spawn monster count
 F = Spawn count percentage of total count
 G = Total turns spent on level
                    A         B        C        D         E        F      G
               +---------+---------+-------+---------+---------+-------+---------
         Total |       0 |     121 |   0.0 |       0 |      12 |   0.0 |   519
               +---------+---------+-------+---------+---------+-------+---------
             D |       0 |     121 |   0.0 |       0 |      12 |   0.0 |   519
               +---------+---------+-------+---------+---------+-------+---------
